 Dungeon Crawl Stone Soup version 0.22-a0-259-gdd11e71 (webtiles) character file.

130 b5mith the Skirmisher (level 4, -5/41 HPs)
             Began as a Minotaur Berserker on Mar 5, 2018.
             Was a Believer of Trog.
             Killed by nerve-wracking pain
             ... invoked by an orc priest
              (13 damage)
             ... on level 3 of the Dungeon.
             The game lasted 00:05:01 (1807 turns).

b5mith the Skirmisher (Minotaur Berserker)          Turns: 1807, Time: 00:05:01

Health: -5/41      AC:  8    Str: 22    XL:     4   Next: 89%
Magic:  3/3        EV: 11    Int:  4    God:    Trog [**....]
Gold:   65         SH:  0    Dex: 10    Spells: 3/3 levels left

rFire    . . .     SeeInvis .   a - +0 falchion
rCold    . . .     Gourm    .   (no shield)
rNeg     . . .     Faith    .   i - +0 scale mail
rPois    .         Spirit   .   (helmet restricted)
rElec    .         Reflect  .   (no cloak)
rCorr    .         Harm     .   p - +0 pair of gloves
MR       .....                  (no boots)
Stlth    ..........             (no amulet)
HPRegen  0.13/turn              (no ring)
MPRegen  0.08/turn              (no ring)

@: no status effects
A: retaliatory headbutt, horns 2
a: Berserk, Trog's Hand, Renounce Religion


You were on level 3 of the Dungeon.
You worshipped Trog.
Trog was pleased with you.
You were not hungry.

You visited 1 branch of the dungeon, and saw 3 of its levels.

You collected 65 gold pieces.

Inventory:

Hand Weapons
 a - a +0 falchion (weapon)
Armour
 b - a +0 animal skin
 i - a +0 scale mail (worn)
 p - a +0 pair of gloves (worn)
Scrolls
 e - 6 scrolls of identify {unknown}
 f - a scroll of enchant weapon {unknown}
 l - 2 scrolls of teleportation {unknown}
 m - a scroll of immolation {unknown}
 n - 2 scrolls of amnesia {unknown}
 q - a scroll of magic mapping {unknown}
 r - a scroll of remove curse {unknown}
Potions
 d - a potion of mutation {unknown}
 g - a potion of haste {unknown}
 h - 2 potions of curing {unknown}
 j - a potion of invisibility {unknown}
 k - a potion of heal wounds {unknown}
 o - 2 potions of lignification {unknown}
 t - a potion of cancellation {unknown}
Comestibles
 c - 4 rations
 s - a chunk of flesh


   Skills:
 + Level 4.6 Fighting
 + Level 4.6 Long Blades
 + Level 3.6 Armour
 + Level 3.3 Dodging


You had 3 spell levels left.
You didn't know any spells.

Dungeon Overview and Level Annotations

Branches:
Dungeon (3/15)

Altars:
Dithmenos
Elyvilon
Fedhas
Vehumet
Wu Jian


Innate Abilities, Weirdness & Mutations

You reflexively headbutt those who attack you in melee.
You have a pair of horns on your head.


Message History

You kill the orc!
Trog accepts your kill. The orc priest completely misses you.
Found a scroll labeled SUWNIY WARACWE.
Things that are here:
a club; a trident Unknown command.
You hit the orc priest. Your headbutt misses the orc priest.
The orc priest is lightly wounded.
The orc priest hits you with a club.
* * * LOW HITPOINT WARNING * * *
You hit the orc priest.
You headbutt the orc priest, but do no damage.
The orc priest is moderately wounded.
The orc priest hits you but does no damage.
You hit the orc priest. You headbutt the orc priest.
The orc priest is severely wounded.
The orc priest invokes the aid of Beogh against you.
Pain shoots through your body!
You die...

#.###.....##########
..# ##.##..........#
..# #############.#
#.# #.# ..# #.# ..#
######### ###.# ..#
#.......# #...#
..###...<...# #)###
...##.......# #@#
.#........).# #o#
...##.......# #o#
..###.......# #.#
..# #.......# #.#
#.# ######### #.#
#.# #.# #.# #?. #.#


You could see an orc priest and an orc.

Vanquished Creatures
  A worker ant (D:2)
  3 adders
  3 worms
  2 dart slugs (D:1)
  2 leopard geckos (D:1)
  6 orcs (D:3)
  7 bats
  3 giant cockroaches
  4 goblins
  7 hobgoblins
  6 jackals (D:2)
  4 kobolds
  A quokka (D:3)
  A frilled lizard (D:2)
  7 rats
57 creatures vanquished.

Notes
Turn   | Place    | Note
-------+----------+-------------------------------------------
     0 | D:1      | b5mith the Minotaur Berserker began the quest for the Orb.
     0 | D:1      | Reached XP level 1. HP: 19/19 MP: 0/0
   164 | D:1      | Reached XP level 2. HP: 26/27 MP: 1/1
   779 | D:2      | Reached XP level 3. HP: 33/33 MP: 2/2
   841 | D:2      | Found a shadowy altar of Dithmenos.
   849 | D:2      | Found an ornate altar of the Wu Jian Council.
   859 | D:2      | Found a white marble altar of Elyvilon.
   905 | D:2      | Reached ** piety under Trog
  1078 | D:2      | Reached XP level 4. HP: 35/41 MP: 3/3
  1096 | D:2      | Found a radiant altar of Vehumet.
  1466 | D:3      | Found a blossoming altar of Fedhas.
  1807 | D:3      | Killed from afar by an orc priest

Vault maps used:
D:1:      lemuel_arrival_hallway
D:2:      lemuel_crystal_altar, minmay_overflow_temple_star_quad
D:3:      old_standard_altar, cheibriados_altar_1, first_ration

Skill      XL: |  1  2  3 |
---------------+----------+-----
Long Blades    | 4 |  4.6
Fighting       | 4 |  4.6
Armour         | 3 |  3.6
Dodging        | 3 |  3.3

Action                   |  1- 3 |  4- 6 || total
-------------------------+-------+-------++-------
Melee: Falchion          |    73 |    49 ||   122
       Headbutt          |    16 |    13 ||    29
Invok: Berserk           |       |     1 ||     1
  Eat: Chunk             |     1 |     3 ||     4
Armor: Animal skin       |     4 |       ||     4
       Scale mail        |    24 |    15 ||    39
Dodge: Dodged            |    45 |    23 ||    68
       Rpst.: Falchion   |    11 |     3 ||    14

Table legend:
 A = Spawn XP
 B = Non-spawn XP
 C = Spawn XP percentage of total XP
 D = Spawn monster count
 E = Non-spawn monster count
 F = Spawn count percentage of total count
 G = Total turns spent on level
                    A         B        C        D         E        F      G
               +---------+---------+-------+---------+---------+-------+---------
         Total |       0 |     186 |   0.0 |       0 |      57 |   0.0 |  1807
               +---------+---------+-------+---------+---------+-------+---------
           D:1 |       0 |      34 |   0.0 |       0 |      17 |   0.0 |   753
           D:2 |       0 |      97 |   0.0 |       0 |      23 |   0.0 |   687
           D:3 |       0 |      55 |   0.0 |       0 |      17 |   0.0 |   367
               +---------+---------+-------+---------+---------+-------+---------
